 Dungeon Crawl Stone Soup version 0.31-a0-988-g08d55dae12 (webtiles) character file.

Game seed: 4067683399561537239

337225 Flugkiller the Stormcaller (level 20, -3/105 (129) HPs)
             Began as a Deep Elf Air Elementalist on Nov 5, 2023.
             Was the Champion of Ashenzari.
             Killed from afar by a deep elf death mage (32 damage)
             ... with a bolt of negative energy
             ... on level 3 of the Elven Halls.
             The game lasted 01:50:08 (61966 turns).

Flugkiller the Stormcaller (DEAE)                  Turns: 61966, Time: 01:50:09

HP:   -3/105 (129)  AC: 12    Str:  5    XL:     20   Next: 62%
MP:   32/46         EV: 23    Int: 47    God:    Ashenzari [******]
Gold: 566           SH:  5    Dex: 15    Spells: 22/59 levels left

rFire   + . .        K - +8 double sword of Ashenzari's Prison {vamp, Comp, Elem} (curse)
rCold   + . .        y - +0 buckler "Bound Repose" {Bglg, Cun} (curse)
rNeg    . . .        D - +2 troll leather armour "Thunder Perfect Mind" {Regen+, Snorg, Comp, Cun} (curse)
rPois   +            s - +1 helmet of Apeoromancy {Int+3, Elem, Dev} (curse)
rElec   .            i - +0 cloak "Circumscribed Yoke" {Self, Bglg} (curse)
rCorr   .            o - +0 pair of gloves of the Shackled Sybil {Int+6, Bglg, Alch} (curse)
SInv    +            e - +1 pair of boots of Ashenzari's Boredom {Elem, Melee} (curse)
Will    ++...        G - amulet "Overhang to Understand" {Fragile Regen+ Int+8 Stlth+, Dev, Bglg} (curse)
Stlth   ++++++       f - ring of Ashenzari's Ordeal {rPois rF+ rC+ Stlth+, Dev, Cun} (curse)
HPRegen 1.97/turn    v - ring of the Gnostic Loss {EV+5, Alch, Elem} (curse)
MPRegen 0.30/turn

%: clarity
@: studying Long Blades, heavily drained
A: claws 1, MP-powered wands
}: 3/15 runes: serpentine, barnacled, slimy
a: Renounce Religion, Shatter the Chains


You were on level 3 of the Elven Halls.
You worshipped Ashenzari.
Ashenzari was exalted by your worship.
You visited 8 branches of the dungeon, and saw 39 of its levels.
You visited the Abyss 1 time.
You also visited: Bailey.

You collected 4660 gold pieces.
You spent 4094 gold pieces at shops.

Inventory:

Hand Weapons
 K - the cursed +8 double sword of Ashenzari's Prison (weapon) {vamp, Comp, Elem}
   (You acquired it on level 2 of the Snake Pit)

   It has a curse which improves the following skills: Companions: Summonings
   and Necromancy.
   Elements:  Fire Magic, Ice Magic, Air Magic and Earth Magic.
Missiles
 j - 11 throwing nets
 Q - 5 curare-tipped darts (quivered)
Armour
 a - the orb "Vioror" {light, rElec MP+9}
   (You found it on level 5 of the Pits of Slime)

   rElec:     It insulates you from electricity.
   MP+9:      It affects your magic capacity (+9).
 e - the cursed +1 pair of boots of Ashenzari's Boredom (worn) {Elem, Melee}
   (You found it on level 3 of the Dungeon)

   It has a curse which improves the following skills: Elements: Fire Magic, Ice
   Magic, Air Magic and Earth Magic.
   Melee Combat: Short Blades, Long Blades, Axes, Maces & Flails, Polearms,
   Staves and Unarmed Combat.
 i - the cursed +0 cloak "Circumscribed Yoke" (worn) {Self, Bglg}
   (You found it on level 3 of the Dungeon)

   It has a curse which improves the following skills: Introspection: Fighting
   and Spellcasting.
   Beguiling: Conjurations, Hexes and Translocations.
 o - the cursed +0 pair of gloves of the Shackled Sybil (worn) {Int+6, Bglg, Alch}
   (You acquired it on level 1 of the Elven Halls)

   Int+6:     It affects your intelligence (+6).
   It has a curse which improves the following skills: Beguiling: Conjurations,
   Hexes and Translocations.
   Alchemy:   Poison Magic and Transmutations.
 s - the cursed +1 helmet of Apeoromancy (worn) {Int+3, Elem, Dev}
   (You found it on level 5 of the Lair of Beasts)

   It has a curse which improves the following skills: Elements: Fire Magic, Ice
   Magic, Air Magic and Earth Magic.
   Devices:   Evocations and Shapeshifting.
 y - the cursed +0 buckler "Bound Repose" (worn) {Bglg, Cun}
   (You took it off a tengu warrior on level 13 of the Dungeon)

   It has a curse which improves the following skills: Beguiling: Conjurations,
   Hexes and Translocations.
   Cunning:   Dodging and Stealth.
 D - the cursed +2 troll leather armour "Thunder Perfect Mind" (worn) {Regen+, Snorg, Comp, Cun}
   (You found it on level 2 of the Orcish Mines)

   Regen+:    It increases your rate of health regeneration.
   It has a curse which improves the following skills: Companions: Summonings
   and Necromancy.
   Cunning:   Dodging and Stealth.
 I - a +1 cloak of stealth
   (You found it on level 5 of the Pits of Slime)
Jewellery
 f - the cursed ring of Ashenzari's Ordeal (left hand) {rPois rF+ rC+ Stlth+, Dev, Cun}
   (You bought it in a shop on level 3 of the Snake Pit)

   [ring of protection from cold]

   rF+:       It protects you from fire.
   rC+:       It protects you from cold.
   rPois:     It protects you from poison Stlth+: It makes you more stealthy.
   It has a curse which improves the following skills: Devices: Evocations and
   Shapeshifting.
   Cunning:   Dodging and Stealth.
 m - a ring of willpower
   (You found it on level 5 of the Pits of Slime)
 v - the cursed ring of the Gnostic Loss (right hand) {EV+5, Alch, Elem}
   (You bought it in a shop on level 1 of the Dungeon)

   [ring of evasion]

   EV+5:      It affects your evasion (+5).
   It has a curse which improves the following skills: Alchemy: Poison Magic and
   Transmutations.
   Elements:  Fire Magic, Ice Magic, Air Magic and Earth Magic.
 G - the cursed amulet "Overhang to Understand" (around neck) {Fragile Regen+ Int+8 Stlth+, Dev, Bglg}
   (You bought it in a shop on level 3 of the Snake Pit)

   [amulet of regeneration]

   Int+8:     It affects your intelligence (+8).
   Regen+:    It increases your rate of health regeneration.
   Fragile:   It will be destroyed if unequipped.
   Stlth+:    It makes you more stealthy.
   It has a curse which improves the following skills: Devices: Evocations and
   Shapeshifting.
   Beguiling: Conjurations, Hexes and Translocations.
 J - an amulet of guardian spirit
   (You found it on level 1 of the Shoals)
Wands
 k - a wand of digging (29)
   (You found it on level 5 of the Lair of Beasts)
 E - a wand of mindburst (40)
   (You found it on level 8 of the Dungeon)
 L - a wand of roots (10)
   (You found it on level 11 of the Dungeon)
 S - a wand of quicksilver (3)
   (You found it on level 5 of the Pits of Slime)
 U - a wand of charming (22)
   (You found it on level 3 of the Lair of Beasts)
Scrolls
 g - 3 scrolls of vulnerability
 r - 7 scrolls of fog
 t - 17 scrolls of teleportation
 u - 5 scrolls of immolation
 z - 3 scrolls of blinking
 A - 10 scrolls of revelation
 C - 3 scrolls of poison
 O - 7 scrolls of fear
 Z - 6 scrolls of butterflies
Potions
 b - 2 potions of magic
 c - 4 potions of enlightenment
 d - 7 potions of might
 h - 5 potions of haste
 l - a potion of mutation
 n - 2 potions of resistance
 q - 8 potions of curing
 w - 3 potions of heal wounds
 x - 6 potions of lignification
 B - 6 potions of invisibility
 F - a potion of cancellation
 H - 3 potions of brilliance
 P - 2 potions of attraction
 R - 5 potions of ambrosia
Miscellaneous
 M - a sack of spiders
   (You found it on level 10 of the Dungeon)
 N - a phial of floods
   (You found it on level 10 of the Dungeon)
 V - a phantom mirror
   (You found it on level 3 of the Lair of Beasts)
 Y - a lightning rod (4/4)
   (You found it on level 5 of the Lair of Beasts)


   Skills:
 - Level 12.9(15.3) Fighting
 - Level 12.1(14.5) Long Blades
 - Level 3.9 Armour
 - Level 11.9(16.6) Dodging
 - Level 4.0(8.2) Stealth
 - Level 2.3 Shields
 - Level 18.0(20.2) Spellcasting
 - Level 10.7(16.4) Conjurations
 - Level 8.0(11.6) Necromancy
 - Level 15.5(21.1) Fire Magic
 + Level 15.4(21.0) Ice Magic
 - Level 18.6(24.0) Air Magic
 - Level 7.0(11.7) Evocations


You had 22 spell levels left.
You knew the following spells:

 Your Spells              Type           Power      Damage    Failure   Level
a - Shock                 Conj/Air       100%       1d9       0%          1
b - Airstrike             Air            67%        2d(10-26) 0%          4
c - Maxwell's Capacitive  Air            67%        ∞         1%          8
d - Plasma Beam           Fire/Air       65%        2x1d82    0%          6
e - Arcjolt               Conj/Air       63%        1d73      0%          5
f - Sublimation of Blood  Necr           100%       N/A       0%          2
i - Ignition              Fire           64%        3d17      1%          8
w - Swiftness             Air            100%       N/A       0%          3

Your spell library contained the following spells:

 Spells                   Type           Power      Damage    Failure   Level
 Foxfire                  Conj/Fire      100%       2x1d9     0%          1
 Freeze                   Ice            100%       1d10      0%          1
 Magic Dart               Conj           100%       1d8       0%          1
 Cigotuvi's Dreadful Rot  Necr/Pois/Air  100%       N/A       0%          2
 Searing Ray              Conj           100%       2d8       0%          2
 Static Discharge         Conj/Air       100%       3-8/arc   0%          2
 Frozen Ramparts          Ice            100%       1d16      0%          3
 Hailstorm                Conj/Ice       100%       3d20      0%          3
 Mephitic Cloud           Conj/Pois/Air  100%       N/A       0%          3
 Ozocubu's Armour         Ice            100%       N/A       0%          3
 Flame Wave               Conj/Fire      100%       2d21      0%          4
 Sticky Flame             Conj/Fire      100%       2d11      0%          4
 Fireball                 Conj/Fire      61%        3d23      0%          5
 Blink                    Tloc           100%       N/A       1%          2
 Ensorcelled Hibernation  Hex/Ice        100%       N/A       1%          2
 Jinxbite                 Hex            100%       N/A       1%          2
 Wereblood                Tmut           51%        N/A       1%          2
 Dazzling Flash           Conj/Hex       100%       N/A       1%          3
 Ignite Poison            Fire/Tmut/Pois 87%        N/A       1%          3
 Inner Flame              Hex/Fire       100%       N/A       1%          3
 Volatile Blastmotes      Fire/Tloc      100%       2d18      1%          3
 Anguish                  Hex/Necr       41%        N/A       1%          4
 Animate Dead             Necr           100%       N/A       1%          4
 Fulminant Prism          Conj/Hex       45%        3d21      1%          4
 Summon Lightning Spire   Summ/Air       100%       N/A       1%          4
 Vhi's Electric Charge    Tloc/Air       100%       N/A       1%          4
 Irradiate                Conj/Tmut      45%        3d26      1%          5
 Metabolic Englaciation   Hex/Ice        50%        N/A       1%          5
 Death Channel            Necr           51%        N/A       1%          6
 Simulacrum               Ice/Necr       58%        N/A       1%          6
 Starburst                Conj/Fire      61%        6d16      1%          6
 Ozocubu's Refrigeration  Ice            64%        4d21      1%          7
 Tukima's Dance           Hex            54%        N/A       2%          3
 Borgnjor's Vile Clutch   Necr/Erth      41%        N/A       2%          5
 Cause Fear               Hex            27%        N/A       8%          4
 Leda's Liquefaction      Hex/Erth       27%        N/A       8%          4
 Passage of Golubria      Tloc           54%        N/A       8%          4
 Animate Armour           Summ/Erth      100%       N/A       9%          4
 Olgreb's Toxic Radiance  Pois           51%        N/A       9%          4
 Petrify                  Tmut/Erth      52%        N/A       9%          4
 Polar Vortex             Ice            64%        12d8*     21%         9
 Lee's Rapid Deconstruct  Erth           27%        3d14*     22%         5
 Yara's Violent Unravell  Hex/Tmut       26%        3d11      22%         5
 Eringya's Noxious Bog    Tmut/Pois      25%        4d6       80%         6
 Enfeeble                 Hex            27%        N/A       100%        7
 Malign Gateway           Summ/Tloc      26%        N/A       100%        7
 Summon Hydra             Summ           25%        N/A       100%        7
 Dragon's Call            Summ           25%        N/A       100%        9


Dungeon Overview and Level Annotations

Branches:
Dungeon (15/15) Zot: 24933  Temple (1/1) D:5 Zot: 5988    Lair (5/5) D:10 Zot: 18154
 Shoals (4/4) Lair:3 Zot: 19377   Snake (4/4) Lair:2 Zot: 12954   Slime (5/5) Lair:5 Zot: 25274
    Orc (2/2) D:11 Zot: 7470     Elf (3/3) Orc:2 Zot: 12775  Vaults (0/5) D:13
 Depths (0/4) D:15         Bailey (visited)

Altars:
Ashenzari
Cheibriados
Dithmenos
Elyvilon
Fedhas
Gozag
Hepliaklqana
Kikubaaqudgha
Makhleb
Nemelex Xobeh
Okawaru
Qazlal
Ru
Sif Muna
Trog
Uskayaw
Vehumet
Wu Jian
Xom
Yredelemnul
Zin
The Shining One
Jiyva
Lugonu

Shops:
D:1 =   D:2 (   D:9 ?   D:12 *   D:14 :   Orc:2 *(?:   Elf:2 *   Snake:2 *(
Snake:3 =

Portals:
Abyss: Orc:1

Annotations:
D:2 exclusion: adder
D:8 2 transporters, Takeo's ghost, novice MiMo
D:12 exclusions: boulder beetle and 2 doors
D:13 1 runed translucent door, exclusion: orange crystal statue
Snake:3 Roxanne
Orc:1 1 runed translucent door, Pi314's ghost, journeyman DsHW
Elf:2 3 runed translucent doors


Innate Abilities, Weirdness & Mutations

You have sharp fingernails.
You expend magic power (3 MP) to strengthen your wands.


Message History

Items here: ))) ÷.
Casting: Plasma Beam (safe; 0% risk of failure)
Confirm with . or Enter, or press ? or * to list all spells.
The bolt of lightning hits the deep elf master archer.
The deep elf master archer is lightly wounded.
The deep elf master archer shouts!
The fiery plasma misses the deep elf master archer.
You hear a shout!
The deep elf master archer wields a +0 longbow.
The deep elf master archer shoots an arrow.
The arrow hits you!!
Casting: Plasma Beam (safe; 0% risk of failure)
Confirm with . or Enter, or press ? or * to list all spells.
The bolt of lightning hits the deep elf master archer!!
The deep elf master archer is moderately wounded.
The fiery plasma hits the deep elf master archer!!
The deep elf master archer is severely wounded.
The deep elf master archer shoots an arrow.
The arrow hits you!!
The deep elf master archer shoots an arrow.
The arrow barely misses you.
Casting: Plasma Beam (safe; 0% risk of failure)
Confirm with . or Enter, or press ? or * to list all spells.
The bolt of lightning hits the deep elf master archer!!
The deep elf master archer is almost dead.
The fiery plasma hits the deep elf master archer!!!
You kill the deep elf master archer!
Items here: ))) [[.
Things that are here:
a +5 battleaxe of flaming; a +0 leather armour; a +0 longbow You see here a +0 short sword of holy wrath.
Things that are here:
a +0 chain mail; a +0 short sword
There is a stone staircase leading up, spattered with blood here.
You climb upwards.
Level annotation: 3 runed translucent doors
There is a stone staircase leading down, spattered with blood here.
You start resting.
HP restored.
You start resting.
Magic restored.
You climb downwards.
There is a stone staircase leading up, spattered with blood here.
Things that are here:
a +0 chain mail; a +0 short sword You see here a +0 short sword of holy wrath.
Things that are here:
a +5 battleaxe of flaming; a +0 leather armour; a +0 longbow
Items here: ))) [[.
Items here: ))) ÷.
There is an open door here.
Items here: ))))) [[[ ÷÷.
You sense a monster nearby.
Items here: )))) ÷÷.
Things that are here:
a +0 ring mail; a +0 rapier You sense a monster nearby.
Unknown command.
A deep elf annihilator comes into view.
It is wielding the +3 morningstar "Xenwal" {flame, rPois Str+2 Int+2}.
Casting: Plasma Beam (safe; 0% risk of failure)
Confirm with . or Enter, or press ? or * to list all spells.
The bolt of lightning hits the deep elf annihilator!!!
You kill the deep elf annihilator!
You hear a shout!
You sense a monster nearby.
Unknown command.
You sense a monster nearby.
Unknown command. 2 deep elf death magi come into view.
A deep elf death mage comes into view. It is wielding a +0 long sword.
Things that are here:
a +0 scimitar; a +0 short sword
Casting: Plasma Beam (safe; 0% risk of failure)
Confirm with . or Enter, or press ? or * to list all spells.
The bolt of lightning misses the deep elf death mage.
The fiery plasma hits the deep elf death mage!!!
The deep elf death mage is heavily wounded.
The deep elf death mage shouts! x2; You hear a shout!
Unknown command.
The deep elf death mage gestures at you while chanting.
The bolt of negative energy hits you!!!
You feel drained.
The deep elf death mage points at you and mumbles some strange words.
The bolt of negative energy hits you!!!
You feel drained.
* * * LOW HITPOINT WARNING * * *
Things that are here:
a +0 ring mail; a +0 rapier
Casting: Plasma Beam (safe; 0% risk of failure)
Confirm with . or Enter, or press ? or * to list all spells.
The bolt of lightning hits the deep elf death mage!!
The deep elf death mage is heavily wounded.
The bolt of lightning hits the deep elf death mage.
The deep elf death mage is lightly wounded.
The fiery plasma hits the deep elf death mage!
The deep elf death mage is severely wounded.
The fiery plasma hits the deep elf death mage!!
The deep elf death mage is heavily wounded.
You hear a shout! x2
The deep elf death mage points at you and mumbles some strange words.
The bolt of negative energy hits you!!
You feel drained.
You die...

#'# #.# #......... #.# #.#
##'######## #.# #.# ##....##
#.# #.# ##......## #.##
###.### ##........##
#..####.....###..........##
#...........##)........)..##
#.#####.##..)[)[)).[.<.....'
#.# #.###@##.............#
#.# #.# #.###............#
##'#####+###.#
##...........#
##....?....##.##
#[#####'###..
#...........#..# #.# #.# #..
##############e#*### ### ###
***#.e{e...#***
***#.e...........#***
***,,.{...#...#.....,{***


You could see 2 deep elf death magi.

Vanquished Creatures
  Dissolution (Slime:1)
  the Royal Jelly (Slime:5)
  Vashnia (Snake:2)
  Jorgrun (D:13)
  2 deep elf blademasters
  A quicksilver dragon (Abyss:3)
  21 acid blobs
  3 deep elf master archers (Elf:3)
  An Executioner (Abyss:3)
  Polyphemus (Shoals:3)
  A kraken (Shoals:1)
  2 tentacled starspawn (Abyss:3)
  Aizul (Snake:3)
  12 azure jellies
  Ilsuiw (Shoals:4)
  6 rockslimes
  8 nagarajas
  4 deep elf elementalists
  Louise (D:15)
  5 deep elf sorcerers (Elf:3)
  A frost giant (Shoals:4)
  16 quicksilver oozes
  A stone giant (D:15)
  6 formless jellyfish
  Azrael (Orc:2)
  A juggernaut skeleton (Abyss:3)
  5 deep elf demonologists
  2 deep elf annihilators (Elf:3)
  Snorg (Orc:2)
  A fire dragon (Lair:5)
  A deep elf death mage (Elf:3)
  2 entropy weavers (shapeshifter) (Elf:3)
  4 merfolk javelineers (Shoals:4)
  5 merfolk impalers
  A salamander tyrant (Snake:2)
  2 deep elf high priests (Elf:3)
  5 hydras
  Erica (D:8)
  3 great orbs of eyes
  An anaconda (shapeshifter) (D:13)
  An alligator snapping turtle (Shoals:4)
  4 catoblepae
  An ogre mage (D:15)
  A boulder beetle (D:15)
  8 merfolk aquamancers
  11 anacondas
  2 merfolk avatars
  The ghost of Zituum the Thaumaturge, a journeyman DESu of Sif Muna (D:13)
  3 centaur warriors
  11 naga warriors
  14 death yaks
  23 dancing weapons
  4 tengu warriors
  A satyr (Shoals:2)
  6 two-headed ogres
  3 thrashing horrors (Abyss:3)
  8 orc high priests
  22 naga sharpshooters
  10 shock serpents
  5 skysharks
  13 deep elf knights
  A fire crab (shapeshifter) (D:15)
  A wretched star (Abyss:2)
  7 salamander mystics
  4 skeletal warriors (D:15)
  A sixfirhy (Abyss:3)
  5 large abominations (Abyss:3)
  A shadow demon (Abyss:3)
  6 sea snakes
  3 lindwurms (Lair:5)
  3 naga ritualists
  16 deep elf archers
  A phantasmal warrior (D:13)
  8 harpies
  10 mana vipers
  29 deep elf pyromancers
  21 deep elf zephyrmancers
  8 orc knights
  A necromancer (D:13)
  17 manticores
  An ugly thing (D:12)
  5 shining eyes
  A worldbinder (Abyss:3)
  A moth of wrath (shapeshifter) (D:13)
  4 orc sorcerers
  A wolf spider (Lair:5)
  11 fauns
  19 salamanders
  4 cyclopes
  6 elephants
  25 black mambas
  19 naga magi
  11 merfolk sirens
  2 smoke demons (Abyss:3)
  5 eyes of devastation
  A guardian serpent (Snake:4)
  2 water nymphs
  2 gargoyles
  A water nymph (shapeshifter) (Elf:1)
  6 cane toads
  17 rime drakes
  7 komodo dragons
  4 efreet
  An unseen horror (D:12)
  A tormentor (Abyss:3)
  5 kobold demonologists
  2 ancient zymes (Abyss:3)
  29 merfolk
  3 meliai (D:15)
  12 trolls
  9 polar bears (Lair:5)
  A hornet (Lair:3)
  7 raiju
  5 wind drakes
  10 blink frogs
  2 dream sheep (Lair:5)
  7 snapping turtles
  65 slime creatures
  A flying skull (Abyss:3)
  A wraith (D:13)
  5 air elementals
  9 water elementals
  4 wyverns
  A vampire (D:7)
  43 yaks
  2 basilisks
  5 fire elementals
  A golden eye (Slime:5)
  A basilisk (shapeshifter) (Abyss:3)
  2 chaos spawn (Abyss:3)
  Grum (D:11)
  8 steam dragons (Lair:5)
  40 nagas
  12 water moccasins
  10 wargs
  20 hell hounds
  An ice beast (D:6)
  2 sky beasts (D:8)
  12 black bears
  An ogre (shapeshifter) (D:15)
  8 ogres
  49 orc warriors
  39 wolves
  3 centaurs
  4 small abominations (Abyss:3)
  7 kobold brigands
  3 gnoll sergeants
  13 bullfrogs
  5 wights (D:7)
  12 killer bees
  A howler monkey (D:12)
  2 hounds
  2 jellies (D:6)
  2 gnoll boudas
  An iron imp (Abyss:3)
  39 orc priests
  4 iguanas
  3 sleepcaps
  10 orc wizards
  24 gnolls
  7 adders
  A shadow imp (D:7)
  5 white imps
  7 ufetubi
  2 worms (D:3)
  4 dart slugs
  99 orcs
  4 endoplasms
  A giant cockroach (D:2)
  20 goblins
  8 hobgoblins
  4 jackals (D:1)
  3 quokkas
  3 ball pythons
  2 bats (D:1)
  2 frilled lizards (D:2)
  20 kobolds
  4 rats
  A lurking horror (Orc:1)
1353 creatures vanquished.

Vanquished Creatures (collateral kills)
  2 azure jellies (Slime:5)
  A great orb of eyes (Slime:5)
  A hydra (D:15)
  An orc high priest (Orc:2)
  A skyshark (Lair:2)
  A deep elf pyromancer (D:15)
  A black mamba (Snake:1)
  A naga mage (Snake:1)
  A komodo dragon (Lair:2)
  A slime creature (Slime:5)
  A wyvern (Lair:2)
  4 yaks (Lair:2)
  An orc warrior (Orc:2)
  2 wolves (Lair:2)
19 creatures vanquished.

Vanquished Creatures (others)
  A great orb of eyes (Slime:4)
  A basilisk (D:15)
  A small abomination (Abyss:3)
  A lurking horror (Orc:1)
  2 starspawn tentacles (Abyss:3)
  4 tentacles (Shoals:1)
10 creatures vanquished.

Grand Total: 1382 creatures vanquished

Notes
Turn   | Place    | Note
-------+----------+-------------------------------------------
     0 | D:1      | Flugkiller the Deep Elf Air Elementalist began the quest
                  | for the Orb.
     0 | D:1      | Reached XP level 1. HP: 10/10 MP: 6/6
   136 | D:1      | Found Soalo's Jewellery Emporium.
   353 | D:1      | Reached XP level 2. HP: 15/15 MP: 6/8
   463 | D:1      | Found a faded altar of an unknown god.
  1156 | D:2      | Found Rovaest's Weapon Boutique.
  1272 | D:2      | Reached XP level 3. HP: 20/20 MP: 7/9
  1295 | D:2      | Reached skill level 1 in Fighting
  1366 | D:2      | Learned a level 3 spell: Swiftness
  1398 | D:2      | Found a sacrificial altar of Ru.
  1721 | D:2      | Became a worshipper of Ru the Awakened
  1969 | D:3      | Found a bloodstained altar of Trog.
  2007 | D:3      | Reached XP level 4. HP: 19/25 MP: 5/10
  3030 | D:4      | Found a glowing golden altar of the Shining One.
  3148 | D:5      | Entered Level 5 of the Dungeon
  3162 | D:4      | Reached XP level 5. HP: 29/29 MP: 1/11
  3311 | D:5      | Noticed an ogre
  3323 | D:5      | Killed an ogre
  3324 | D:5      | Reached skill level 5 in Air Magic
  3477 | D:5      | Reached XP level 6. HP: 32/34 MP: 7/12
  3554 | D:5      | Learned a level 4 spell: Airstrike
  4121 | D:5      | Found a staircase to the Ecumenical Temple.
  4139 | Temple   | Entered the Ecumenical Temple
  4144 | Temple   | Fell from the grace of Ru
  4144 | Temple   | Became a worshipper of Ashenzari the Shackled
  4533 | D:6      | Reached XP level 7. HP: 38/38 MP: 9/15
  4772 | D:6      | You fall into a shaft and drop 2 floors!
  5031 | D:7      | Found a flagged portal.
  5036 | Bailey   | Entered a bailey
  5066 | Bailey   | Reached skill level 5 in Spellcasting
  5353 | Bailey   | Reached XP level 8. HP: 43/43 MP: 11/19
  6251 | Bailey   | Reached XP level 9. HP: 48/48 MP: 15/21
  6433 | Bailey   | Reached XP level 10. HP: 53/53 MP: 22/22
  6485 | D:7      | Reached skill level 5 in Dodging
  7172 | D:6      | Reached * piety under Ashenzari
  7877 | D:7      | Found a shadowy altar of Dithmenos.
  7882 | D:7      | Found an ornate altar of the Wu Jian Council.
  7883 | D:7      | Found a sparkling altar of Nemelex Xobeh.
  8382 | D:1      | Bought a +5 ring of evasion for 360 gold pieces
  8384 | D:1      | Reached ** piety under Ashenzari
  9178 | D:8      | Found a transporter.
  9179 | D:8      | Noticed Takeo's ghost (novice MiMo)
  9191 | D:8      | Found a transporter.
  9866 | D:8      | Noticed Erica
  9885 | D:8      | Reached skill level 1 in Armour
  9947 | D:8      | Killed Erica
 10452 | D:9      | Reached skill level 1 in Evocations
 10748 | D:9      | Reached XP level 11. HP: 61/61 MP: 15/24
 10987 | D:9      | Found a white marble altar of Elyvilon.
 11201 | D:9      | Found Monlycog's Magic Scroll Boutique.
 11211 | D:9      | Found a hazy altar of Hepliaklqana.
 11220 | D:9      | Reached *** piety under Ashenzari
 11314 | D:10     | Entered Level 10 of the Dungeon
 11704 | D:10     | Found a staircase to the Lair.
 13140 | D:11     | Noticed Grum
 13144 | D:11     | Reached skill level 5 in Evocations
 13220 | D:11     | Killed Grum
 13316 | D:11     | Identified the +3 war axe of Fapeown {drain, Str+5 Dex+3}
 13328 | D:11     | Reached **** piety under Ashenzari
 13828 | D:11     | Found a staircase to the Orcish Mines.
 13936 | D:11     | Reached skill level 5 in Fighting
 14471 | D:12     | Noticed a sun demon
 14814 | D:12     | Reached XP level 12. HP: 73/73 MP: 15/29
 15127 | D:1      | Bought an amulet of regeneration for 300 gold pieces
 15379 | D:12     | Learned a level 8 spell: Maxwell's Capacitive Coupling
 15513 | D:12     | Noticed a boulder beetle
 15535 | D:12     | Reached skill level 15 in Air Magic
 15710 | D:12     | Found Hocuitih's General Store.
 16127 | Lair:1   | Entered Level 1 of the Lair of Beasts
 16569 | Lair:1   | Noticed a death yak
 16579 | Lair:1   | Killed a death yak
 16716 | Lair:1   | Noticed a death yak
 16726 | Lair:1   | Killed a death yak
 16853 | Lair:1   | Noticed a death yak
 16860 | Lair:1   | Killed a death yak
 16861 | Lair:1   | Noticed a death yak
 16870 | Lair:1   | Killed a death yak
 18586 | Lair:2   | Reached XP level 13. HP: 76/78 MP: 17/30
 18751 | Lair:2   | Found a staircase to the Snake Pit.
 18926 | Lair:2   | Reached ***** piety under Ashenzari
 20464 | Lair:3   | Found a staircase to the Shoals.
 21610 | Lair:4   | Learned a level 6 spell: Plasma Beam
 21923 | Lair:5   | Entered Level 5 of the Lair of Beasts
 21929 | Lair:4   | Reached skill level 1 in Fire Magic
 22161 | Lair:5   | Found a viscous altar of Jiyva.
 22170 | Lair:5   | Found a staircase to the Slime Pits.
 22887 | Lair:4   | Learned a level 5 spell: Arcjolt
 23112 | Lair:5   | Reached skill level 5 in Fire Magic
 23827 | Lair:5   | Reached XP level 14. HP: 85/88 MP: 16/32
 25122 | Lair:5   | Reached skill level 5 in Conjurations
 27304 | D:13     | Reached skill level 1 in Long Blades
 27566 | D:13     | Found a runed translucent gate.
 27567 | D:13     | Found a runed translucent gate.
 27568 | D:13     | Found a runed translucent gate.
 27571 | D:13     | Noticed Zituum's ghost (journeyman DESu)
 27855 | D:13     | Found a runed translucent door.
 27866 | D:13     | Noticed Jorgrun
 27881 | D:13     | Killed Jorgrun
 28048 | D:13     | Found a gate to the Vaults.
 28802 | D:14     | Found an ancient bone altar of Kikubaaqudgha.
 28817 | D:14     | Reached XP level 15. HP: 94/94 MP: 11/33
 28846 | D:14     | Found Saekaiwk's Book Shop.
 28921 | D:14     | Reached skill level 5 in Long Blades
 29328 | D:15     | Entered Level 15 of the Dungeon
 29350 | D:15     | Found a faded altar of an unknown god.
 29350 | D:15     | Found a hazy altar of Hepliaklqana.
 29352 | D:15     | Found a faded altar of an unknown god.
 29520 | D:15     | Found a blossoming altar of Fedhas.
 29572 | D:15     | Noticed Louise
 29862 | D:15     | Killed Louise
 29958 | D:15     | Reached skill level 10 in Conjurations
 30296 | D:15     | Found a staircase to the Depths.
 30470 | Orc:1    | Entered Level 1 of the Orcish Mines
 30507 | Orc:1    | Reached ****** piety under Ashenzari
 30625 | Orc:1    | Found a runed translucent door.
 30913 | Orc:1    | Noticed Pi314's ghost (journeyman DsHW)
 30950 | Orc:1    | Reached skill level 1 in Shields
 31197 | Orc:1    | Found a one-way gate to the infinite horrors of the Abyss.
 31341 | Orc:1    | Found a corrupted altar of Lugonu.
 31637 | Orc:2    | Entered Level 2 of the Orcish Mines
 31637 | Orc:2    | Noticed Snorg
 31639 | Orc:2    | Killed Snorg
 32011 | Orc:2    | Noticed Azrael
 32017 | Orc:2    | Killed Azrael
 32636 | Orc:2    | Learned a level 2 spell: Sublimation of Blood
 32792 | Orc:2    | Reached skill level 10 in Fire Magic
 32826 | Orc:2    | Reached skill level 1 in Necromancy
 34042 | Orc:2    | Reached skill level 5 in Necromancy
 34084 | Orc:2    | Found Voxoryan's Book Boutique.
 34084 | Orc:2    | Found Tiopsizo's Magic Scroll Boutique.
 34085 | Orc:2    | Found Rupsakh's Weapon Shop.
 34085 | Orc:2    | Found Tovahe Likk's Assorted Antiques.
 34096 | Orc:2    | Bought a scroll of blinking for 105 gold pieces
 34096 | Orc:2    | Bought a scroll of blinking for 105 gold pieces
 34096 | Orc:2    | Bought a scroll of fear for 56 gold pieces
 34146 | Orc:2    | Found a staircase to the Elven Halls.
 34360 | D:14     | Bought an Everburning Encyclopedia for 468 gold pieces
 34369 | D:14     | Learned a level 8 spell: Ignition
 34569 | Snake:1  | Entered Level 1 of the Snake Pit
 35049 | Snake:1  | Identified the +6 war axe of Ynod {chaos, rElec rCorr MP-9}
 36022 | Snake:1  | Reached XP level 16. HP: 100/100 MP: 21/34
 36300 | Snake:2  | Noticed Vashnia
 37336 | Snake:2  | Identified a scroll of acquirement
 37366 | Snake:2  | Identified the of Caofo (You acquired it on level 2 of the
                  | Snake Pit)
 37366 | Snake:2  | Acquired a +0 double sword of venom
 38505 | D:13     | Killed Zituum's ghost
 38783 | Orc:2    | Bought a scroll of enchant weapon for 105 gold pieces
 38784 | Orc:2    | Bought a scroll of enchant weapon for 187 gold pieces
 38970 | D:9      | Bought a scroll of enchant weapon for 75 gold pieces
 38970 | D:9      | Bought a scroll of butterflies for 40 gold pieces
 38970 | D:9      | Bought a scroll of butterflies for 40 gold pieces
 39258 | Snake:2  | Found Kilega's Antique Weapon Emporium.
 39265 | Snake:2  | Found Tit Gaja's Assorted Antiques.
 39271 | Snake:2  | Bought a bloodstained robe for 216 gold pieces
 39271 | Snake:2  | Identified the +1 robe of the Other Side {rF++ Int+4} (You
                  | bought it in a shop on level 2 of the Snake Pit)
 39678 | Snake:2  | Killed Vashnia
 42544 | Snake:3  | Reached skill level 10 in Long Blades
 43099 | Snake:3  | Identified the serpent talisman "Pyrexegykh" {rF+ Dex+2}
 43099 | Snake:3  | Noticed Aizul
 43105 | Snake:3  | Killed Aizul
 43161 | Snake:3  | Found Uqoqi's Jewellery Boutique.
 43170 | Snake:3  | Bought the amulet of Zogad {Fragile Regen+ Int+8 Stlth+}
                  | for 1071 gold pieces
 43200 | Snake:3  | Noticed Roxanne
 43905 | Snake:4  | Entered Level 4 of the Snake Pit
 44093 | Snake:4  | Reached skill level 10 in Spellcasting
 44220 | Snake:4  | Reached XP level 17. HP: 60/104 MP: 9/35
 44603 | Snake:4  | Identified the +4 flail of Vengeance {freeze, rElec}
 46131 | Snake:4  | Reached skill level 10 in Dodging
 46747 | Snake:4  | Got a serpentine rune of Zot
 46958 | Shoals:4 | Identified the "Gigeidatt"
 46958 | Vaults:5 | Identified the of Foubrita
 46958 | Crypt:1  | Identified the "Deluseok"
 46958 | Depths:2 | Identified the "Gayker"
 46958 | Depths:2 | Identified the "Xet Vepn"
 46958 | Elf:1    | Identified the of Kutrapos
 46958 | Elf:3    | Identified the of Dagoprep
 46958 | Elf:3    | Identified the "Ziucygh"
 46958 | Elf:3    | Identified the of Dosuch
 46958 | Slime:1  | Entered Level 1 of the Pits of Slime
 47147 | Slime:2  | Noticed Dissolution
 47200 | Slime:2  | Reached skill level 15 in Fire Magic
 47200 | Slime:2  | Noticed an acid blob
 47207 | Slime:1  | Killed Dissolution
 47346 | Slime:2  | Killed an acid blob
 47630 | Slime:2  | Noticed an acid blob
 47857 | Slime:2  | Killed an acid blob
 48209 | Slime:3  | Noticed an acid blob
 48213 | Slime:3  | Killed an acid blob
 48462 | Slime:3  | Reached XP level 18. HP: 112/112 MP: 32/39
 48950 | Slime:4  | Reached skill level 10 in Fighting
 48953 | Slime:4  | Gained mutation: Your body sometimes deteriorates upon
                  | taking damage. [a shining eye]
 49372 | Slime:5  | Identified the "Hacourav"
 49372 | Slime:5  | Entered Level 5 of the Pits of Slime
 49470 | Slime:5  | Gained mutation: You occasionally lose the ability to drink
                  | potions when taking damage. [a shining eye]
 49532 | Slime:5  | Noticed the Royal Jelly
 49542 | Slime:5  | Killed the Royal Jelly
 50076 | Slime:5  | Identified the +6 arbalest of Etwelausk {flame, *Slow rElec
                  | rC++ rCorr}
 50249 | Slime:5  | Identified the +4 chain mail "Goez" {rF+ rC+}
 50249 | Slime:5  | Identified the +7 dagger of the Blind Eye {heavy, Stlth+}
 50284 | Slime:5  | Got a slimy rune of Zot
 50314 | Slime:5  | Gained mutation: Your magical capacity is low. (-10% MP) [a
                  | shining eye]
 50548 | Slime:5  | Identified the orb "Vioror" {light, rElec MP+9}
 51124 | Lair:5   | Lost mutation: Your magical capacity is low. (-10% MP)
                  | [potion of mutation]
 51124 | Lair:5   | Lost mutation: You occasionally lose the ability to drink
                  | potions when taking damage. [potion of mutation]
 51124 | Lair:5   | Lost mutation: Your body sometimes deteriorates upon taking
                  | damage. [potion of mutation]
 51124 | Lair:5   | Gained mutation: You expend magic power (3 MP) to
                  | strengthen your wands. [potion of mutation]
 51124 | Lair:5   | Gained mutation: You are vulnerable to cold. (rC-) [potion
                  | of mutation]
 51124 | Lair:5   | Gained mutation: You are frail. (-10% HP) [potion of
                  | mutation]
 51124 | Lair:5   | Gained mutation: You are agile. (Dex +4, Str/Int -1)
                  | [potion of mutation]
 51125 | Lair:5   | Lost mutation: You are vulnerable to cold. (rC-) [potion of
                  | mutation]
 51125 | Lair:5   | Lost mutation: You are frail. (-10% HP) [potion of
                  | mutation]
 51125 | Lair:5   | Lost mutation: You are agile. (Dex +4, Str/Int -1) [potion
                  | of mutation]
 51125 | Lair:5   | Gained mutation: Your movements are slightly less
                  | encumbered by armour. (ER -2) [potion of mutation]
 51125 | Lair:5   | Gained mutation: Your magical capacity is low. (-10% MP)
                  | [potion of mutation]
 51126 | Lair:5   | Lost mutation: You expend magic power (3 MP) to strengthen
                  | your wands. [potion of mutation]
 51126 | Lair:5   | Lost mutation: Your magical capacity is low. (-10% MP)
                  | [potion of mutation]
 51126 | Lair:5   | Gained mutation: Your body sometimes deteriorates upon
                  | taking damage. [potion of mutation]
 51126 | Lair:5   | Gained mutation: Your mind is acute. (Int +4, Str/Dex -1)
                  | [potion of mutation]
 51131 | Lair:5   | Lost mutation: Your body sometimes deteriorates upon taking
                  | damage. [potion of mutation]
 51131 | Lair:5   | Lost mutation: Your movements are slightly less encumbered
                  | by armour. (ER -2) [potion of mutation]
 51131 | Lair:5   | Lost mutation: Your mind is acute. (Int +4, Str/Dex -1)
                  | [potion of mutation]
 51131 | Lair:5   | Gained mutation: You have sharp fingernails. [potion of
                  | mutation]
 51131 | Lair:5   | Gained mutation: You expend magic power (3 MP) to
                  | strengthen your wands. [potion of mutation]
 51197 | Shoals:1 | Entered Level 1 of the Shoals
 51836 | Snake:3  | Bought the ring of Qivakkiemo {rPois rF+ rC+ Stlth+} for
                  | 966 gold pieces
 53283 | Shoals:3 | Reached skill level 15 in Spellcasting
 53503 | Shoals:4 | Entered Level 4 of the Shoals
 53512 | Shoals:4 | Reached XP level 19. HP: 124/124 MP: 19/42
 54061 | Shoals:4 | Noticed Polyphemus
 54061 | Shoals:4 | Noticed Ilsuiw
 54212 | Shoals:4 | Killed Ilsuiw
 54662 | Shoals:3 | Killed Polyphemus
 54925 | Shoals:4 | Got a barnacled rune of Zot
 55338 | Shoals:4 | Reached skill level 1 in Ice Magic
 55470 | Shoals:4 | Identified the amulet of Nirosel {Acrobat Str+3 Int+3}
 55666 | Shoals:4 | Identified the +4 eveningstar of Ylixkih {flame, rF+}
 55707 | Shoals:1 | Identified the ring "Essaxa" {rF+ rCorr}
 55942 | Elf:1    | Entered Level 1 of the Elven Halls
 55945 | Elf:1    | Acquired the +0 pair of gloves of Jocoy {Int+6}
 56186 | Elf:1    | Reached skill level 5 in Ice Magic
 56516 | Elf:1    | Paralysed by an air elemental for 1 turns
 56520 | Elf:1    | Paralysed by an air elemental for 1 turns
 56596 | Abyss:2  | Cast into level 2 of the Abyss (+2 halberd of distortion)
 56673 | Abyss:3  | Found a corrupted altar of Lugonu.
 56954 | Elf:1    | Escaped the Abyss
 57315 | Elf:1    | Identified the +1 short sword of Demonkind {freeze, +Blink}
 57811 | Elf:1    | Reached skill level 10 in Ice Magic
 58672 | Elf:2    | Reached XP level 20. HP: 125/129 MP: 33/46
 58696 | Elf:2    | Found a runed translucent gate.
 58697 | Elf:2    | Found a runed translucent gate.
 58697 | Elf:2    | Found a runed translucent gate.
 59223 | Elf:2    | Found Weveq's Assorted Antiques.
 59485 | Elf:3    | Entered Level 3 of the Elven Halls
 60525 | Elf:3    | Paralysed by an air elemental for 1 turns
 61535 | Elf:3    | Reached skill level 15 in Ice Magic
 61738 | Elf:3    | Paralysed by an air elemental for 1 turns
 61953 | Elf:3    | Identified the +3 morningstar "Xenwal" {flame, rPois Str+2
                  | Int+2}
 61966 | Elf:3    | Killed from afar by a deep elf death mage

Illustrated notes

Levels and vault maps discovered:
D:1:      dpeg_arrival_stone_temple_mockup, layout_basic,
          hellmonk_ecumenical_altar_dog_temple, serial_shops, shop
D:2:      layout_basic, serial_shops, nicolae_shop_hallway_stairs, basic_altar,
          kennysheep_nondescript, chequers_serial_rivers_small_a,
          guppyfry_early_lair_pool
D:3:      layout_basic, mainiacjoe_overflow_alcove_4
D:4:      layout_loops_cross, nicolae_tso_swordbearing_angel
D:5:      layout_loops_ring, minmay_temple_entry_grid, dk_rats_in_the_wall
D:6:      layout_basic
D:7:      layout_gridville, gammafunk_temple_overflow_forgotten, enter_bailey_3
D:8:      layout_basic, gammafunk_ghost_stat_death, patterned_corridor,
          uniq_erica
D:9:      layout_basic, mainiacjoe_overflow_catwalk,
          mainiacjoe_overflow_boulevard, serial_shops, shop,
          minmay_stone_trees_small
D:10:     layout_basic, erik_lair_orcish_takeover
D:11:     layout_gridville, kennysheep_orc_monster_closet_entryway, uniq_grum
D:12:     layout_roguey, serial_shops, shop
D:13:     layout_gridville, david_vaults_4, gammafunk_ghost_hydra_chop,
          minmay_crystal_box, uniq_jorgrun
D:14:     layout_roguey, serial_shops, shop, kiku_gazebo_pond_becter
D:15:     grunt_enter_depths_snipers, layout_cave_pools, fedhas_altar_1,
          nicolae_hepliaklqana_ecumenical_no_more, uniq_louise
Temple:   hellmonk_temple_two_chambers
Lair:1:   layout_chaotic_city
Lair:2:   layout_chaotic_city, minmay_snake_entry_guardpost_medium,
          grunt_megastairs_2
Lair:3:   layout_gridlike, minmay_shoals_entry_beasts
Lair:4:   layout_regular_city, lemuel_fruit_tree, infiniplex_staircase_pool_2
Lair:5:   hangedman_lair_caniforms_friends, layout_loops_ring,
          hangedman_lair_in_review, slime_entry_1,
          chequers_serial_rivers_small_a, bobbens_dragon_lair_wall
Shoals:1: layout_shoals, nicolae_shoals_this_corrosion
Shoals:2: layout_shoals
Shoals:3: layout_shoals, serial_shops, shop
Shoals:4: shoals_end_grunt_ice, layout_shoals, shoals_ilsuiw_ice,
          uniq_polyphemus
Snake:1:  layout_chambers
Snake:2:  layout_grid_maze, serial_bayou_shore_b, minmay_shoptagon, uniq_vashnia
Snake:3:  layout_grid_shapes, serial_shops, nicolae_shop_gaudy_bauble,
          nicolae_coiled_stairwell_up, uniq_aizul, uniq_roxanne
Snake:4:  snake_pit, layout_basic
Slime:1:  layout_caves
Slime:2:  layout_caves, dissolution_awaits
Slime:3:  layout_caves
Slime:4:  layout_caves, uniq_dissolution
Slime:5:  slime_pit_nicolae_trefoil
Orc:1:    layout_caves, ebering_ghost_reflecting_pool,
          amcnicky_altar_lugonu_corruption
Orc:2:    st_orc_pillars, layout_diamond_mine, david_defended_altar_orc,
          uniq_azrael, uniq_snorg
Elf:1:    nicolae_elf_arrival_no_cutting_in_line, layout_loops_cross,
          hangedman_elven_crosses_minicolossus
Elf:2:    nicolae_elf_blades_crystal_corner, layout_onion_city, serial_shops,
          nicolae_shop_competitors_out_of_business
Elf:3:    minmay_elf_hall_furrowed, layout_gridlike, minivault_20,
          serial_sigils_hangedman_etch

Skill      XL: |  1  2  3  4  5  6  7  8  9 10 11 12 13 14 15 16 17 18 19 20 |
---------------+-------------------------------------------------------------+-----
Conjurations   | 2 3 7 10 | 10.7
Fighting       | 1 2 4 6 7 8 9 12 | 12.9
Air Magic      | 4 5 7 9 14 17 18 | 18.6
Spellcasting   | 4 6 7 9 10 12 15 18 | 18.0
Dodging        | 3 4 7 8 11 | 11.9
Stealth        | 4 |  4.0
Armour         | 2 3 |  3.9
Evocations     | 2 6 7 |  7.0
Fire Magic     | 6 9 11 14 15 | 15.5
Long Blades    | 4 5 12 | 12.1
Shields        | 2 |  2.3
Necromancy     | 6 8 |  8.0
Ice Magic      | 10 15 | 15.4

Action                     |  1- 3 |  4- 6 |  7- 9 | 10-12 | 13-15 | 16-18 | 19-21 || total
---------------------------+-------+-------+-------+-------+-------+-------+-------++-------
  Melee: Unarmed           |     1 |       |       |       |       |       |       ||     1
         Dagger            |       |       |    31 |    14 |       |       |       ||    45
         Scimitar          |       |       |       |    89 |   207 |       |       ||   296
         Punch             |       |       |       |     1 |     1 |       |       ||     2
         Double sword      |       |       |       |       |       |   243 |   124 ||   367
  Throw: Dart              |       |       |       |       |     1 |       |       ||     1
   Cast: Shock             |    68 |   116 |   100 |   312 |     8 |       |       ||   604
         Airstrike         |       |     4 |    29 |   265 |   183 |    11 |    13 ||   505
         Plasma Beam       |       |       |       |       |   326 |   393 |   302 ||  1021
         Maxwell's Capacit |       |       |       |       |     4 |    18 |    10 ||    32
         Arcjolt           |       |       |       |       |    18 |     3 |     4 ||    25
         Sublimation of Bl |       |       |       |       |    20 |     1 |    13 ||    34
         Swiftness         |       |       |       |       |       |     1 |       ||     1
         Ignition          |       |       |       |       |       |    37 |    11 ||    48
 Invoke: Curse Item        |       |       |     1 |     6 |     4 |     3 |     2 ||    16
         Shatter the Chain |       |       |       |       |     1 |     4 |     1 ||     6
  Evoke: Sack of spiders   |       |       |       |     1 |     3 |     1 |       ||     5
         Wand              |       |       |       |       |     8 |     8 |     9 ||    25
         Phial of floods   |       |       |       |       |     2 |       |       ||     2
         Lightning rod     |       |       |       |       |     2 |     8 |     2 ||    12
         Phantom mirror    |       |       |       |       |     1 |       |       ||     1
    Use: Scroll            |     3 |     4 |     2 |     2 |     2 |    19 |     3 ||    35
         Potion            |       |       |     2 |     1 |     6 |    11 |     2 ||    22
   Stab: Sleeping          |       |       |     1 |       |       |     2 |     1 ||     4
         Distracted        |       |       |       |       |       |     2 |       ||     2
 Armour: Robe              |     7 |    18 |    24 |     9 |       |       |       ||    58
         Ring mail         |       |       |       |   266 |   310 |    11 |       ||   587
         Troll leather arm |       |       |       |       |       |   284 |   182 ||   466
  Dodge: Dodged            |    14 |    28 |    38 |   411 |   355 |   326 |   215 ||  1387
  Block: Buckler           |       |       |       |       |    43 |    82 |    38 ||   163

Table legend: (Time is in decaauts)
 A = Elapsed time spent in this place.
 B = Non-inter-level travel time spent in this place.
 C = Inter-level travel time spent in this place.
 D = Time resting spent in this place.
 E = Time spent auto-exploring this place.
 F = Levels seen in this place.
 G = Mean time per level.
                   A        B        C        D        E       F      G
               +--------+--------+--------+--------+--------+-----+--------+
         Total |  62477 |  57433 |   5044 |  27262 |  19685 |  42 | 1487.5 |
       Dungeon |  19442 |  16813 |   2629 |   6105 |   7728 |  15 | 1296.1 |
        Temple |     11 |     11 |      0 |      0 |      0 |   1 |   11.0 |
          Lair |  11845 |  10859 |    986 |   6073 |   3254 |   5 | 2369.0 |
        Shoals |   4622 |   4511 |    111 |   2000 |   1664 |   4 | 1155.5 |
     Snake Pit |  11045 |  10274 |    771 |   5157 |   3548 |   4 | 2761.2 |
    Slime Pits |   3973 |   3865 |    108 |   2152 |    721 |   5 |  794.6 |
  Orcish Mines |   4529 |   4140 |    389 |   2115 |   1152 |   2 | 2264.5 |
   Elven Halls |   5222 |   5176 |     46 |   2734 |   1532 |   3 | 1740.7 |
         Abyss |    354 |    354 |      0 |      5 |      0 |   2 |  177.0 |
        Bailey |   1430 |   1430 |      0 |    921 |     84 |   1 | 1430.0 |
               +--------+--------+--------+--------+--------+-----+--------+

Top non-repeatable levels by time:
  Lair:5: 3890 daAuts
 Snake:2: 3764 daAuts
 Snake:1: 3209 daAuts
   Orc:2: 2783 daAuts
  Lair:2: 2534 daAuts
 Snake:4: 2366 daAuts
  Lair:4: 2155 daAuts
   Elf:2: 2154 daAuts
    D:11: 1895 daAuts
    D:13: 1786 daAuts
  Lair:1: 1779 daAuts
   Orc:1: 1745 daAuts
     D:9: 1719 daAuts
 Snake:3: 1705 daAuts
   Elf:1: 1688 daAuts
